 Dungeon Crawl Stone Soup version 0.29-a0-551-gffc1d7fb78 (webtiles) character file.

Game seed: 6804502200233429906

3484 ohad the Grappler (level 10, -6/80 HPs)
             Began as a Ghoul Monk on June 5, 2022.
             Was a Priest of Makhleb.
             Killed from afar by an electric eel (7 damage)
             ... with a bolt of electricity
             ... on level 8 of the Dungeon.
             The game lasted 00:16:14 (10239 turns).

ohad the Grappler (Ghoul Monk)                     Turns: 10239, Time: 00:16:15

Health: -6/80      AC: 14    Str: 20    XL:     10   Next: 7%
Magic:  12/12      EV:  8    Int:  5    God:    Makhleb [***...]
Gold:   315        SH:  0    Dex: 11    Spells: 9/9 levels left

rFire   . . .      SeeInvis .     - Unarmed
rCold   + . .      Faith    .   (no shield)
rNeg    + + +      Spirit   .   e - +0 chain mail
rPois   ∞          Reflect  .   y - +0 helmet
rElec   .          Harm     .   i - +0 cloak
rCorr   .          Rampage  .   (no gloves)
Will    +....                   q - +0 pair of boots
Stlth   ..........              u - amulet of magic regeneration
HPRegen 0.00/turn               k - ring of willpower
MPRegen 0.53/turn               (no ring)

@: inhibited regen
A: claws 1, cold resistance 1, negative energy resistance 3, inhibited
regeneration, torment resistance 2, devour on kill
a: Renounce Religion, Minor Destruction, Lesser Servant of Makhleb


You were on level 8 of the Dungeon.
You worshipped Makhleb.
Makhleb was most pleased with you.
You visited 1 branch of the dungeon, and saw 8 of its levels.

You collected 465 gold pieces.
You spent 150 gold pieces at shops.

Inventory:

Hand Weapons
 p - the +8 trident of the Extremes {freeze, rF+ rC+ Will+}
   (You found it on level 3 of the Dungeon)

   It freezes those it strikes, dealing additional cold damage.
   It can also slow down cold-blooded creatures.
   rF:        It protects you from fire.
   rC:        It protects you from cold.
   Will:      It increases your willpower.
 F - a +7 halberd
Missiles
 m - 13 boomerangs (quivered)
 M - 20 poisoned darts
 N - 4 javelins
Armour
 a - a +0 robe
 e - a +0 chain mail (worn)
 i - a +0 cloak (worn)
 q - a +0 pair of boots (worn)
 y - a +0 helmet (worn)
 D - an orb of light
 L - an orb of mayhem
Jewellery
 k - a ring of willpower (left claw)
 u - an amulet of magic regeneration (around neck)
Wands
 s - a wand of iceblast (10)
 K - a wand of flame (9)
Scrolls
 c - a scroll of poison {unknown}
 f - a scroll of vulnerability {unknown}
 g - a scroll of teleportation
 h - a scroll of immolation {unknown}
 j - a scroll of enchant weapon {unknown}
 r - 2 scrolls of magic mapping
 w - 2 scrolls of noise {unknown}
 B - a scroll of amnesia {unknown}
 C - a scroll of enchant armour {unknown}
 E - a scroll of fear {unknown}
 H - 2 scrolls of fog
 I - 2 scrolls of torment {unknown}
 O - a scroll of blinking {unknown}
Potions
 b - 2 potions of ambrosia
 d - 4 potions of attraction
 l - 3 potions of mutation
 n - 2 potions of resistance
 o - a potion of lignification
 t - 3 potions of heal wounds
 v - 3 potions of curing
 x - a potion of might
 z - a potion of flight
 A - a potion of brilliance {unknown}
 G - 2 potions of haste
Miscellaneous
 J - a tin of tremorstones (2/2)


   Skills:
 + Level 4.8 Fighting
 * Level 1.5 Throwing
 + Level 6.1 Armour
 + Level 3.2 Dodging
 - Level 2.1 Stealth
 + Level 12.0 Unarmed Combat
 * Level 4.4 Invocations


You had 9 spell levels left.
You didn't know any spells.
Your spell library contained the following spells:

 Spells                   Type           Power      Damage    Failure   Level
 Apportation              Tloc           0%         N/A       99%         1
 Magic Dart               Conj           0%         1d3       99%         1
 Necrotize                Necr           0%         1d4       99%         1
 Sting                    Tmut/Pois      0%         1d3       99%         1
 Summon Small Mammal      Summ           0%         N/A       99%         1
 Poisonous Vapours        Pois/Air       0%         N/A       100%        2
 Searing Ray              Conj           0%         2d4       100%        2
 Fulminant Prism          Conj/Hex       0%         3d6       100%        4
 Olgreb's Toxic Radiance  Pois           0%         N/A       100%        4


Dungeon Overview and Level Annotations

Branches:
Dungeon (8/15)             Temple (0/1) D:6
   Lair: D:8-11

Altars:
Hepliaklqana
Kikubaaqudgha
Makhleb
Ru
Uskayaw
Wu Jian
Xom
Yredelemnul
Zin

Shops:
D:1 *   D:3 (   D:4 *   D:7 ?

Annotations:
D:4 3 runed translucent doors, Edmund; Shym's ghost, novice HOFE
D:6 4 runed translucent doors


Innate Abilities, Weirdness & Mutations

You are immune to poison.
You have sharp fingernails.
Your flesh is cold resistant. (rC+)
You are immune to negative energy. (rN+++)
You do not regenerate when monsters are visible.
You are immune to unholy pain and torment.
You thrive by killing the living.


Message History

The bolt of electricity misses you.
The electric eel shoots out a bolt of lightning at you!
The bolt of electricity hits the fungus!
The fungus begins to die.
The bolt of electricity hits you. x2
A nearby fungus withers and dies.
The electric eel shoots out a bolt of lightning at you!
The bolt of electricity hits the fungus!
The bolt of electricity misses you.
The electric eel shoots out a bolt of lightning at you!
The bolt of electricity hits you! x2
The bolt of electricity hits the electric eel.
The electric eel completely resists.
You claw the electric eel!
The electric eel is almost dead.
You barely miss the electric eel.
The electric eel is almost dead.
You closely miss the electric eel.
The electric eel is almost dead.
The electric eel shoots out a bolt of lightning at you!
The bolt of electricity hits you. The bolt of electricity hits you!
* * * LOW HITPOINT WARNING * * *
The bolt of electricity hits the electric eel.
The electric eel completely resists.
The electric eel shoots out a bolt of lightning at you!
The bolt of electricity hits the fungus!
The bolt of electricity hits you!
* * * LOW HITPOINT WARNING * * *
You barely miss the electric eel.
The electric eel is almost dead.
The electric eel shoots out a bolt of lightning at you!
The bolt of electricity hits you!
* * * LOW HITPOINT WARNING * * *
The bolt of electricity hits you.
* * * LOW HITPOINT WARNING * * *
The bolt of electricity hits the electric eel.
The electric eel completely resists.
The electric eel shoots out a bolt of lightning at you!
The bolt of electricity hits the fungus!
The bolt of electricity hits you!
You die...

####.## #..#.....#. #.
...# #.###...###
####.###.#####..#..#..#.
.......P....##.....#....
..≈.P....##....###......
≈≈......####....###...##
≈≈≈≈....# ####........#
≈≈≈SP...######....##...#
≈≈≈≈≈..@.......##.###...
≈≈≈≈≈≈S..########.# #...
≈≈≈≈≈≈≈..# #.# ####
P≈≈≈≈≈≈.## #.. ....≈≈P..
### P.(.....# ........#
#########


You could see 2 electric eels.

Vanquished Creatures
  An unseen horror (D:6)
  A steam dragon (D:7)
  2 orc warriors
  2 ice beasts (D:5)
  2 black bears
  2 ogres
  3 kobold brigands
  2 bullfrogs
  6 scorpions
  3 necrophages (D:6)
  13 wights
  3 howler monkeys
  A gnoll shaman (D:7)
  5 hounds
  2 jellies
  An orc priest (D:3)
  An iguana (D:5)
  2 orc wizards
  Robin (D:4)
  15 gnolls
  8 adders
  2 shadow imps
  2 white imps (D:7)
  2 ufetubi
  A worm (D:3)
  4 dart slugs
  20 orcs
  7 ball pythons
  2 endoplasms
  4 giant cockroaches
  14 goblins
  9 hobgoblins
  7 quokkas
  3 bats
  4 frilled lizards
  16 kobolds
  6 rats
179 creatures vanquished.

Vanquished Creatures (others)
  A fungus (D:8)
1 creature vanquished.

Grand Total: 180 creatures vanquished

Notes
Turn   | Place    | Note
-------+----------+-------------------------------------------
     0 | D:1      | ohad the Ghoul Monk began the quest for the Orb.
     0 | D:1      | Reached XP level 1. HP: 19/19 MP: 0/0
    11 | D:1      | Found a faded altar of an unknown god.
   130 | D:1      | Reached XP level 2. HP: 16/26 MP: 1/1
   271 | D:1      | Reached skill level 4 in Unarmed Combat
   690 | D:1      | Reached XP level 3. HP: 31/31 MP: 2/2
   761 | D:1      | Found Ligy's General Store.
   768 | D:1      | Bought a scroll of teleportation for 36 gold pieces
  1252 | D:2      | Reached skill level 5 in Unarmed Combat
  2243 | D:3      | Found Faddac's Antique Weapon Shoppe.
  2247 | D:3      | Reached XP level 4. HP: 38/38 MP: 3/3
  2538 | D:3      | Identified the +8 trident of the Extremes {freeze, rF+ rC+
                  | Will+}
  3098 | D:3      | Reached skill level 6 in Unarmed Combat
  3139 | D:2      | HP: 1/38 [gnoll/+0 club (1)]
  3142 | D:2      | Reached XP level 5. HP: 6/45 MP: 4/4
  3481 | D:3      | Found Migeg's Armour Boutique.
  3660 | D:3      | Found a hazy altar of Hepliaklqana.
  3845 | D:3      | Found a hide-covered altar of Uskayaw.
  3980 | D:4      | Reached skill level 7 in Unarmed Combat
  4121 | D:4      | Reached XP level 6. HP: 21/51 MP: 5/5
  4458 | D:4      | Noticed Robin
  4582 | D:4      | Killed Robin
  4838 | D:4      | Reached skill level 1 in Armour
  4843 | D:4      | Noticed Shym's ghost (novice HOFE)
  4857 | D:4      | Found a runed translucent gate.
  4866 | D:4      | Found a runed translucent gate.
  4866 | D:4      | Found a runed translucent gate.
  5082 | D:4      | Found Gikya's Lightly-Used Armoury.
  5103 | D:4      | Reached XP level 7. HP: 57/57 MP: 6/6
  5226 | D:4      | Reached skill level 8 in Unarmed Combat
  5244 | D:4      | Noticed Edmund
  5266 | D:3      | Found a sacrificial altar of Ru.
  5934 | D:5      | Entered Level 5 of the Dungeon
  6566 | D:5      | Reached skill level 9 in Unarmed Combat
  6566 | D:5      | Reached XP level 8. HP: 54/66 MP: 7/7
  7547 | D:6      | Found an ancient bone altar of Kikubaaqudgha.
  7575 | D:6      | Found an ornate altar of the Wu Jian Council.
  7583 | D:6      | Found a basalt altar of Yredelemnul.
  7583 | D:6      | Found a burning altar of Makhleb.
  7589 | D:6      | Found a shimmering altar of Xom.
  7591 | D:6      | Became a worshipper of Makhleb the Destroyer
  7591 | D:6      | Reached * piety under Makhleb
  7591 | D:6      | Reached ** piety under Makhleb
  7745 | D:6      | Found a staircase to the Ecumenical Temple.
  7833 | D:6      | Reached skill level 10 in Unarmed Combat
  7867 | D:6      | Found a large runed translucent door.
  7868 | D:6      | Found a large runed translucent door.
  7875 | D:6      | Noticed a two-headed ogre
  7875 | D:6      | Noticed a yak
  7883 | D:6      | Found the +12 pair of quick blades "Gyre" and "Gimble"
                  | {protect}
  7900 | D:6      | Reached skill level 1 in Invocations
  7919 | D:6      | Reached XP level 9. HP: 36/71 MP: 9/9
  8171 | D:6      | Found a large runed translucent door.
  8171 | D:6      | Found a large runed translucent door.
  8620 | D:6      | Killed an unseen horror
  8621 | D:6      | Reached skill level 5 in Armour
  8621 | D:6      | Reached skill level 11 in Unarmed Combat
  9254 | D:7      | Found Usea's Magic Scroll Shoppe.
  9264 | D:7      | Bought a scroll of magic mapping for 42 gold pieces
  9264 | D:7      | Bought a scroll of fog for 24 gold pieces
  9264 | D:7      | Bought a scroll of identify for 24 gold pieces
  9264 | D:7      | Bought a scroll of identify for 24 gold pieces
  9718 | D:7      | Reached *** piety under Makhleb
  9733 | D:7      | Reached skill level 1 in Throwing
  9859 | D:7      | Reached XP level 10. HP: 51/80 MP: 12/12
 10162 | D:8      | Reached skill level 12 in Unarmed Combat
 10239 | D:8      | HP: 3/80 [electric eel/bolt of electricity (9)]
 10239 | D:8      | HP: 1/80 [electric eel/bolt of electricity (2)]
 10239 | D:8      | Killed from afar by an electric eel

Illustrated notes

Levels and vault maps discovered:
D:1:      dpeg_arrival_fog, layout_loops_cross,
          hellmonk_ecumenical_altar_pennies_from_heaven, serial_shops,
          shop_statue, minmay_cupped
D:2:      layout_loops_corners, serial_rivers, chequers_serial_rivers_micro_b,
          chequers_serial_rivers_large_b, chequers_serial_rivers_room_b,
          chequers_serial_rivers_room_a
D:3:      layout_basic, nicolae_overflow_hidden_temple,
          nicolae_hepliaklqana_hippocampus, serial_shops,
          nicolae_shop_window_shopping, nicolae_shop_hallway_stairs,
          grunt_ministairs_10
D:4:      layout_basic, gammafunk_ghost_split, minmay_shop_damaged,
          hex_intersection, minmay_misc_feat_rugged, uniq_robin, uniq_edmund
D:5:      layout_layer_cave
D:6:      layout_loops_corners, mainiacjoe_overflow_paths,
          nicolae_overflow_hallway_of_the_gods, temple_hall,
          minmay_hollow_rounded_squares
D:7:      layout_basic, serial_shops, shop, grunt_decor_arrowhead
D:8:      layout_rooms, grunt_temple_overflow_diamond, fungi_pond_lemuel,
          minmay_strange_pillars, wad_mini_maze

Skill      XL: |  1  2  3  4  5  6  7  8  9 10 |
---------------+-------------------------------+-----
Unarmed Combat | 4 5 6 7 9 10 11 12 | 12.0
Armour         | 1 3 4 6 |  6.1
Dodging        | 3 |  3.2
Fighting       | 4 |  4.8
Invocations    | 2 4 |  4.4
Throwing       | 1 |  1.5
Stealth        | |  2.1

Action                   |  1- 3 |  4- 6 |  7- 9 | 10-12 || total
-------------------------+-------+-------+-------+-------++-------
Melee: Unarmed           |   111 |   176 |   304 |    21 ||   612
       Punch             |     1 |     5 |    22 |     3 ||    31
  Use: Scroll            |       |       |    11 |       ||    11
       Potion            |       |       |     1 |       ||     1
 Stab: Sleeping          |     4 |       |       |       ||     4
Armor: Robe              |     3 |       |       |       ||     3
       Chain mail        |    41 |   104 |   158 |    11 ||   314
Dodge: Dodged            |    51 |    68 |    89 |     4 ||   212

Table legend: (Time is in decaauts)
 A = Elapsed time spent in this place.
 B = Non-inter-level travel time spent in this place.
 C = Inter-level travel time spent in this place.
 D = Time resting spent in this place.
 E = Time spent auto-exploring this place.
 F = Levels seen in this place.
 G = Mean time per level.
                   A        B        C        D        E       F      G
               +--------+--------+--------+--------+--------+-----+--------+
         Total |  10206 |   9603 |    603 |   1473 |   6484 |   8 | 1275.8 |
       Dungeon |  10206 |   9603 |    603 |   1473 |   6484 |   8 | 1275.8 |
               +--------+--------+--------+--------+--------+-----+--------+

Top non-repeatable levels by time:
     D:3: 2234 daAuts
     D:2: 1643 daAuts
     D:6: 1443 daAuts
     D:5: 1402 daAuts
     D:4: 1378 daAuts
     D:7: 1110 daAuts
     D:1: 904 daAuts
     D:8: 89 daAuts
